 Seeded DCSS version 0.29.1-2-gbd0b4ee654 (webtiles) character file.

Game seed: 1738030888014195264 (custom seed)

46802 kingsuperguy the Fencer (level 14, -7/135 HPs)
             Began as a Minotaur Berserker on Nov 30, 2022.
             Was the Champion of Trog.
             Mangled by an orc warrior
             ... wielding a +0 hand axe
             ... led by an orc knight
              (15 damage)
             ... on level 1 of the Orcish Mines.
             The game lasted 00:30:39 (16855 turns).

kingsuperguy the Fencer (Minotaur Berserker)       Turns: 16855, Time: 00:30:40

Health: -7/135     AC: 28    Str: 26    XL:     14   Next: 6%
Magic:  0/13       EV:  9    Int:  5    God:    Trog [******]
Gold:   1623       SH:  0    Dex: 11    Spells: 13/13 levels left

rFire   . . .      SeeInvis +   X - +12 great sword of Foul Odours {vorpal, +Blink}
rCold   . . .      Faith    .   (shield currently unavailable)
rNeg    + . .      Spirit   +   F - +4 plate armour of the Moon {Regen+ Int+2 Slay+2}
rPois   +          Reflect  .   (helmet restricted)
rElec   .          Harm     .   f - +2 ratskin cloak {*Rats rPois rN+ Str-1 Int-1 Dex+1}
rCorr   .          Rampage  .   H - +0 pair of gloves
Will    +....                   u - +0 pair of boots
Stlth   ..........              q - amulet of guardian spirit
HPRegen 1.12/turn               Y - ring of see invisible
MPRegen 0.13/turn               B - ring of poison resistance

@: confused, on berserk cooldown, slowed, very slow
A: horns 2, retaliatory headbutt
a: Renounce Religion, Evoke Blink, Berserk, Trog's Hand, Brothers in Arms


You were on level 1 of the Orcish Mines.
You worshipped Trog.
Trog was exalted by your worship.
You visited 3 branches of the dungeon, and saw 18 of its levels.
You also visited: Bailey.

You collected 2063 gold pieces.
You spent 440 gold pieces at shops.

Inventory:

Hand Weapons
 K - a +9 long sword
 L - the +2 Maxwell's thermic engine {flame, freeze}
   (You bought it in a shop on level 1 of the Dungeon)

   It burns those it strikes, dealing additional fire damage.
   Big, fiery blades are also staple armaments of hydra-hunters.
   It freezes those it strikes, dealing additional cold damage.
   It can also slow down cold-blooded creatures.
   It becomes more effective when it hits something.
   This effect fades over time.
 U - the +5 quarterstaff "Giaman" {vorpal, Str+5}
   (You found it on level 2 of the Lair of Beasts)

   It inflicts extra damage upon your enemies.
   Str:       It affects your strength (+5).
 X - the +12 great sword of Foul Odours (weapon) {vorpal, +Blink}
   (Trog gifted it to you on level 10 of the Dungeon)

   It inflicts extra damage upon your enemies.
   +Blink:    It lets you blink.
Missiles
 t - 2 throwing nets (quivered)
 G - 13 atropa-tipped darts
 R - 12 javelins
Armour
 f - the +2 ratskin cloak (worn) {*Rats rPois rN+ Str-1 Int-1 Dex+1}
   (You found it on level 7 of the Dungeon)

   When the wearer is hurt, rats may emerge from it to assist them.
   Str:       It affects your strength (-1).
   Int:       It affects your intelligence (-1).
   Dex:       It affects your dexterity (+1).
   rPois:     It protects you from poison.
   rN:        It protects you from negative energy.
 u - a +0 pair of boots (worn)
 F - the +4 plate armour of the Moon (worn) {Regen+ Int+2 Slay+2}
   (You found it in a bailey)

   Int:       It affects your intelligence (+2).
   Slay:      It affects your accuracy & damage with ranged weapons and melee
   (+2).
   Regen:     It increases your rate of health regeneration.
 H - a +0 pair of gloves (worn)
Jewellery
 c - the ring "Xerghuc" {rElec rPois Will+ Dex+5 SInv}
   (You found it on level 13 of the Dungeon)

   [ring of willpower]

   Dex:       It affects your dexterity (+5).
   rElec:     It insulates you from electricity.
   rPois:     It protects you from poison.
   SInv:      It lets you see invisible.
   Will:      It increases your willpower.
 o - a ring of resist corrosion
 q - an amulet of guardian spirit (around neck)
 v - a +6 ring of intelligence
 B - a ring of poison resistance (right hand)
 E - a ring of protection from fire
 Q - an amulet of reflection
 Y - a ring of see invisible (left hand)
Wands
 a - a wand of polymorph (6)
 w - a wand of acid (12)
 D - a wand of mindburst (20)
 I - a wand of charming (26)
 T - a wand of roots (3)
Scrolls
 b - 2 scrolls of magic mapping {unknown}
 g - 7 scrolls of blinking
 h - a scroll of identify
 m - 6 scrolls of fear
 s - 10 scrolls of teleportation
 C - 3 scrolls of enchant weapon
 J - a scroll of enchant armour
 M - a scroll of brand weapon
 S - a scroll of silence
 V - 2 scrolls of butterflies
Potions
 d - 6 potions of curing {unknown}
 e - 4 potions of magic
 i - 8 potions of heal wounds
 j - 2 potions of lignification
 k - a potion of might {unknown}
 n - 2 potions of cancellation {unknown}
 r - a potion of experience {unknown}
 x - a potion of invisibility {unknown}
 y - a potion of haste {unknown}
 z - 3 potions of berserk rage
 A - 3 potions of attraction {unknown}
 O - a potion of resistance
 P - 9 potions of ambrosia
 W - a potion of flight {unknown}
Miscellaneous
 N - a phial of floods
 Z - a tin of tremorstones (2/2)


   Skills:
 + Level 15.1 Fighting
 + Level 19.6 Long Blades
 + Level 0.6 Throwing
 + Level 15.3 Armour
 + Level 4.3 Dodging
 + Level 2.0 Stealth
 + Level 0.5 Evocations


You had 13 spell levels left.
You didn't know any spells.
Your spell library was empty.

Dungeon Overview and Level Annotations

Branches:
Dungeon (15/15)            Temple (0/1) D:6            Lair (2/5) D:8
  Snake (0/4) Lair:2          Orc (1/2) D:12         Vaults (0/5) D:14
 Bailey (visited)
  Swamp: Lair:2-3    Shoals: Lair:2-3    Depths: D:15

Altars:
Cheibriados
Gozag
Hepliaklqana
Kikubaaqudgha
Sif Muna
Wu Jian
Xom
Yredelemnul

Shops:
D:1 (   D:3 =   D:4 *   D:14 [   D:15 *

Annotations:
Lair:1 1 runed translucent door, tkbsonic5's ghost, journeyman HuCA


Innate Abilities, Weirdness & Mutations

You have a pair of horns on your head.
You reflexively headbutt those who attack you in melee.


Message History

A river rat scurries out from under your cloak.
The orc priest closely misses you.
The orc priest hits your river rat with a +0 hand axe.
The orc warrior barely misses you.
The orc warrior hits your river rat with a +0 hand axe!
Your river rat dies!
The orc warrior hits you with a +0 short sword!!
* * * LOW HITPOINT WARNING * * *
You hit the orc knight but do no damage.
The orc knight is almost dead.
You barely miss the orc knight.
The orc knight is almost dead.
The orc warrior hits you but does no damage.
The orc warrior hits you from afar with a +0 glaive!!
* * * LOW HITPOINT WARNING * * *
The orc warrior hits you with a +0 hand axe!
* * * LOW HITPOINT WARNING * * *
The orc knight closely misses you. You furiously retaliate!
You headbutt the orc knight.
The orc priest hits you but does no damage.
The orc warrior hits you with a +0 hand axe.
* * * LOW HITPOINT WARNING * * *
The orc wizard misses you.
The orc warrior hits you but does no damage.
The orc warrior shoots a bolt.
The bolt barely misses the orc wizard.
The bolt hits you.
* * * LOW HITPOINT WARNING * * *
Found 8 gold pieces.
You feel a strong urge to attack something.
The orc priest miscasts a cantrip.
The orc wizard points at you and mumbles some strange words.
You are confused.
You are no longer berserk.
You are exhausted.
You feel yourself slow down.
You are too confused!
You hit the orc warrior. Your headbutt misses the orc warrior.
The orc warrior is lightly wounded.
The orc warrior hits you with a +0 hand axe!
You die...

# ##....#...... #.
##.....#.......
..>#......$.....$#
................#
#.....><.......#
.......oo.....#
......ooooo...#.#.
.^##..oo..o.......
. #......@.......
#...............
##.......###.#.#
#.......## #
#......### ......#
....# .#.


You could see an orc knight, 6 orc warriors, an orc priest (strong), an orc
wizard (strong, invisible) and an orc (strong).

Vanquished Creatures
  Kirke (D:13)
  Josephine (D:10)
  5 boulder beetles
  A catoblepas (D:11)
  A hydra (Lair:1)
  A rakshasa (D:14)
  3 two-headed ogres
  2 dancing weapons (D:14)
  2 centaur warriors
  A tengu warrior (D:14)
  6 death yaks (Lair:2)
  Urug (Lair:1)
  Pikel (D:5)
  A deep elf pyromancer (D:13)
  5 cyclopes
  6 ugly things
  3 manticores
  4 black mambas (Lair:2)
  2 centaur zombies (D:12)
  2 gargoyles
  5 cane toads
  A komodo dragon (Lair:1)
  A rime drake (Lair:1)
  An unseen horror (shapeshifter) (D:13)
  2 kobold demonologists (D:12)
  A tengu conjurer (D:14)
  2 efreet
  A yaktaur (D:14)
  4 trolls
  4 red devils (D:14)
  A queen bee (Lair:1)
  2 meliai zombies (D:12)
  A hornet (D:7)
  4 blink frogs (Lair:2)
  9 slime creatures
  2 vampires (D:12)
  2 shadows (D:12)
  13 yaks
  9 wraiths
  A basilisk (Lair:1)
  A wyvern (D:10)
  5 steam dragons
  4 vampire mosquitoes (D:12)
  A warg (Orc:1)
  2 acid dragons (D:11)
  14 water moccasins
  6 orc warriors
  A sky beast (D:7)
  3 black bears
  3 ogres
  6 centaurs
  2 lemures (D:5)
  7 bullfrogs
  7 kobold brigands
  A gnoll sergeant (D:9)
  3 wights (D:9)
  30 killer bees
  9 howler monkeys
  A hound (D:7)
  Crazy Yiuf (D:2)
  A jelly (D:7)
  2 gnoll boudas (D:9)
  4 orc priests
  3 iguanas
  9 orc wizards
  Natasha (twice) (D:3)
  12 hell rats
  Terence (D:2)
  19 gnolls
  24 river rats (D:7)
  5 adders
  A shadow imp (D:7)
  3 white imps
  An ufetubus (D:6)
  5 worms
  4 dart slugs
  41 orcs
  8 bats
  2 bat zombies (D:5)
  6 endoplasms
  2 giant cockroaches (D:1)
  8 hobgoblins
  26 kobolds
  A quokka (D:3)
  5 ball pythons
  4 frilled lizards
  15 goblins
  5 rats
  A rat zombie (D:5)
  A spectral hobgoblin (D:6)
443 creatures vanquished.

Vanquished Creatures (collateral kills)
  A manticore (D:11)
  An ugly thing (D:15)
  A hornet (D:10)
  A vampire (D:10)
  A kobold brigand (Bailey)
  2 killer bees (Lair:1)
7 creatures vanquished.

Vanquished Creatures (others)
  A slime creature (D:13)
  3 humans (D:13)
  A fungus (Lair:1)
  3 plants
8 creatures vanquished.

Grand Total: 458 creatures vanquished

Notes
Turn   | Place    | Note
-------+----------+-------------------------------------------
     0 | D:1      | kingsuperguy the Minotaur Berserker began the quest for the
                  | Orb.
     0 | D:1      | Reached XP level 1. HP: 19/19 MP: 0/0
   203 | D:1      | Found a faded altar of an unknown god.
   227 | D:1      | Reached skill level 4 in Long Blades
   227 | D:1      | Reached XP level 2. HP: 27/27 MP: 1/1
   435 | D:1      | Found Ismoeso's Weapon Emporium.
   720 | D:2      | Reached XP level 3. HP: 33/33 MP: 2/2
   848 | D:2      | Reached ** piety under Trog
   947 | D:2      | Found a runed translucent door.
   948 | D:2      | Noticed Crazy Yiuf
  1003 | D:2      | Noticed Terence
  1013 | D:2      | Killed Terence
  1056 | D:2      | Reached XP level 4. HP: 40/40 MP: 3/3
  1345 | D:2      | Reached skill level 5 in Long Blades
  2056 | D:2      | Killed Crazy Yiuf
  2057 | D:2      | Reached XP level 5. HP: 43/47 MP: 2/4
  2948 | D:3      | Noticed Natasha
  2959 | D:3      | Killed Natasha
  3018 | D:3      | Found Ihunad's Jewellery Shop.
  3217 | D:3      | Noticed Natasha
  3225 | D:3      | Killed Natasha
  3226 | D:3      | Reached skill level 6 in Long Blades
  3284 | D:4      | Found a shimmering blue altar of Sif Muna.
  3371 | D:4      | Reached XP level 6. HP: 54/55 MP: 2/5
  3756 | D:4      | Identified the +1 leather armour "Languuv" {rF- rN+ Stlth+}
  3875 | D:4      | Found Bifryr's General Store.
  3977 | D:5      | Entered Level 5 of the Dungeon
  4064 | D:5      | Reached *** piety under Trog
  4171 | D:5      | Noticed Pikel
  4187 | D:5      | Killed Pikel
  4188 | D:5      | Reached skill level 5 in Fighting
  4188 | D:5      | Reached skill level 7 in Long Blades
  4188 | D:5      | Reached skill level 5 in Armour
  4188 | D:5      | Reached XP level 7. HP: 61/61 MP: 4/6
  4351 | D:5      | Reached skill level 8 in Long Blades
  4700 | D:5      | Reached XP level 8. HP: 47/69 MP: 7/7
  5219 | D:5      | Reached skill level 9 in Long Blades
  5394 | D:5      | Found an ancient bone altar of Kikubaaqudgha.
  5536 | D:6      | Found a staircase to the Ecumenical Temple.
  5788 | D:6      | Found an opulent altar of Gozag.
  6220 | D:6      | Found a hazy altar of Hepliaklqana.
  6719 | D:7      | Reached **** piety under Trog
  6835 | D:7      | Reached skill level 10 in Long Blades
  7247 | D:7      | Found the +2 ratskin cloak {*Rats rPois rN+ Str-1 Int-1
                  | Dex+1}
  7332 | D:7      | Reached XP level 9. HP: 80/81 MP: 8/8
  7825 | D:7      | Reached skill level 11 in Long Blades
  8519 | D:8      | Found a flagged portal.
  8533 | Bailey   | Entered a bailey
  8798 | Bailey   | Identified the +4 plate armour of the Moon {Regen+ Int+2
                  | Slay+2}
  8897 | Bailey   | Found a bloodstained altar of Trog.
  8981 | D:8      | Found a basalt altar of Yredelemnul.
  9166 | D:1      | Bought the +2 Maxwell's thermic engine {flame, freeze} for
                  | 440 gold pieces
  9166 | D:1      | Found the +2 Maxwell's thermic engine {flame, freeze}
  9349 | D:8      | Reached ***** piety under Trog
  9407 | D:8      | Noticed a two-headed ogre
  9414 | D:8      | Killed a two-headed ogre
  9415 | D:8      | Reached skill level 12 in Long Blades
  9415 | D:8      | Reached skill level 1 in Stealth
  9415 | D:8      | Reached XP level 10. HP: 60/90 MP: 5/9
  9576 | D:8      | Noticed a two-headed ogre
  9583 | D:8      | Killed a two-headed ogre
  9644 | D:8      | Found a staircase to the Lair.
  9890 | D:8      | Reached skill level 10 in Armour
 10080 | Lair:1   | Entered Level 1 of the Lair of Beasts
 10084 | Lair:1   | Noticed a six-headed hydra
 10092 | Lair:1   | Killed a three-headed hydra
 10093 | Lair:1   | Reached skill level 13 in Long Blades
 10415 | Lair:1   | Reached skill level 10 in Fighting
 10429 | Lair:1   | Found a runed translucent door.
 10429 | Lair:1   | Found a shimmering altar of Xom.
 10429 | Lair:1   | Noticed tkbsonic5's ghost (journeyman HuCA)
 10431 | Lair:1   | Noticed a +2 hand axe of chaos
 10482 | Lair:1   | Reached XP level 11. HP: 84/99 MP: 10/10
 10486 | Lair:1   | Reached skill level 14 in Long Blades
 10717 | Lair:1   | Noticed Urug
 10726 | Lair:1   | Killed Urug
 11105 | Lair:2   | Found a staircase to the Snake Pit.
 11117 | Lair:2   | Reached skill level 15 in Long Blades
 11692 | Lair:2   | Noticed a death yak
 11692 | Lair:2   | Noticed a death yak
 11692 | Lair:2   | Noticed a death yak
 11692 | Lair:2   | Noticed a death yak
 11692 | Lair:2   | Noticed a death yak
 11693 | Lair:2   | Noticed a death yak
 11699 | Lair:2   | Killed a death yak
 11704 | Lair:2   | Killed a death yak
 11704 | Lair:2   | Killed a death yak
 11705 | Lair:2   | Reached skill level 16 in Long Blades
 11705 | Lair:2   | Reached XP level 12. HP: 91/112 MP: 5/11
 11706 | Lair:2   | Killed a death yak
 11708 | Lair:2   | Killed a death yak
 11711 | Lair:2   | Killed a death yak
 12081 | Lair:2   | Identified the +5 quarterstaff "Giaman" {vorpal, Str+5}
 12670 | D:9      | Reached ****** piety under Trog
 12735 | D:9      | Found an ornate altar of the Wu Jian Council.
 12873 | D:9      | Noticed a two-headed ogre
 12878 | D:9      | Killed a two-headed ogre
 13073 | D:10     | Entered Level 10 of the Dungeon
 13075 | D:10     | Identified the +12 great sword of Foul Odours {vorpal,
                  | +Blink} (Trog gifted it to you on level 10 of the Dungeon)
 13075 | D:10     | Received a gift from Trog
 13152 | D:10     | Noticed Josephine
 13158 | D:10     | Killed Josephine
 13260 | D:10     | Reached skill level 17 in Long Blades
 13726 | D:11     | Noticed a catoblepas
 13732 | D:11     | Killed a catoblepas
 13798 | D:11     | Identified the +1 chain mail of a Labyrinth {Slay+2}
 14187 | D:12     | Identified a scroll of acquirement
 14318 | D:12     | Noticed a boulder beetle
 14329 | D:12     | Killed a boulder beetle
 14471 | D:12     | Reached XP level 13. HP: 122/122 MP: 12/12
 14501 | D:12     | Reached skill level 18 in Long Blades
 14558 | D:12     | Received a gift from Trog
 14706 | D:12     | Found a staircase to the Orcish Mines.
 15302 | D:13     | Acquired 850 gold pieces
 15382 | D:13     | Noticed Kirke
 15391 | D:13     | Killed Kirke
 15767 | D:13     | Identified the ring "Xerghuc" {rElec rPois Will+ Dex+5
                  | SInv}
 15927 | D:14     | Found Cheibriados's Comfort Zone.
 15930 | D:14     | Found a snail-covered altar of Cheibriados.
 15951 | D:14     | Reached skill level 19 in Long Blades
 15986 | D:14     | Reached skill level 15 in Armour
 15991 | D:14     | Identified the +0 trident of Ydwasohi {venom, Fragile
                  | Str+6}
 16119 | D:14     | Found a gate to the Vaults.
 16579 | D:14     | Reached skill level 15 in Fighting
 16664 | D:15     | Entered Level 15 of the Dungeon
 16664 | D:15     | Found Yracawk's Assorted Antiques.
 16679 | D:15     | Reached XP level 14. HP: 123/135 MP: 10/13
 16686 | D:15     | Received a gift from Trog
 16831 | Orc:1    | Entered Level 1 of the Orcish Mines
 16851 | Orc:1    | HP: 10/202 [orc warrior/+0 hand axe (1)]
 16855 | Orc:1    | Mangled by an orc warrior

Illustrated notes

Levels and vault maps discovered:
D:1:      evilmike_arrival_crescent, layout_rooms,
          hellmonk_ecumenical_altar_zigzags, serial_shops, nicolae_shop_trees,
          grunt_decor_resistance
D:2:      layout_basic, uniq_terence, uniq_crazy_yiuf_cottage
D:3:      cheibrodos_greedy_goblins, layout_loops_ring, serial_shops,
          nicolae_shop_trees, uniq_natasha
D:4:      layout_rooms, led_sif_book, serial_shops, nicolae_take_the_stairs
D:5:      layout_basic, lemuel_zombie_altar_kikubaaqudgha, uniq_pikel
D:6:      layout_basic, nicolae_gozag_cash_rules_everything_around_me,
          nicolae_hepliaklqana_monster_ancestors, minmay_temple_entry_slanted,
          kennysheep_generic_room_14
D:7:      wander_guarded_unrand_ratskin, layout_basic
D:8:      layout_cave_pods, nicolae_overflow_hidden_temple, dpeg_oklobed_lair,
          serial_column_ruins, column_ruins_square_medium,
          column_ruins_open_small, column_ruins_columns_straight,
          column_ruins_open_medium, column_ruins_columns_corner,
          column_ruins_open_small, column_ruins_open_large,
          column_ruins_open_tiny, enter_bailey_5
D:9:      layout_basic, nicolae_wu_jian_wuxing_cycle
D:10:     layout_rooms, grunt_ministairs_15, uniq_josephine
D:11:     nzn_motion_control, layout_rooms, dk_noncrumbling_4,
          dreamdust_princess_corridor
D:12:     layout_irregular_city, orc_david_3, serial_undead, serial_undead_b,
          serial_undead_a, serial_undead_b, serial_undead_d
D:13:     layout_long_grid, minmay_misc_feat_alley, uniq_kirke
D:14:     layout_roguey, erik_vaults_1, minmay_splitting_lines,
          minmay_shop_chei, minmay_tree_intersection,
          einodemon_armed_red_devil_minivault
D:15:     hangedman_depths_entry_try_elsewhere_first, layout_basic,
          serial_shops, shop_fountains, nicolae_qazlal_general_emergency,
          wad_floor_pattern_untrapped, nicolae_elyvilon_temple_path
Lair:1:   layout_long_grid, special_room [special_room_bee], ebering_ghost_xom,
          uniq_urug
Lair:2:   layout_hall_layers, minmay_snake_entry_six_corridors
Orc:1:    layout_caves, gammafunk_ghost_abyssal_escape

Skill      XL: |  1  2  3  4  5  6  7  8  9 10 11 12 13 |
---------------+----------------------------------------+-----
Long Blades    | 4 5 6 7 8 10 12 13 16 17 19 | 19.6
Fighting       | 4 5 7 8 10 11 13 15 | 15.1
Armour         | 3 4 5 6 7 9 11 12 14 15 | 15.3
Dodging        | 3 4 |  4.3
Stealth        | 1 2 |  2.0
Throwing       | |  0.6
Evocations     | |  0.5

Action                   |  1- 3 |  4- 6 |  7- 9 | 10-12 | 13-15 || total
-------------------------+-------+-------+-------+-------+-------++-------
Melee: Falchion          |    69 |   147 |   463 |       |       ||   679
       Headbutt          |    11 |    23 |    93 |    75 |    69 ||   271
       Punch             |     1 |       |     3 |     6 |       ||    10
       Double sword      |       |       |    10 |   290 |       ||   300
       Great sword       |       |       |       |   100 |   267 ||   367
Throw: Throwing net      |       |       |       |       |     1 ||     1
Invok: Berserk           |     1 |     4 |     2 |     2 |     1 ||    10
Evoke: Wand              |       |     2 |       |       |     1 ||     3
  Use: Scroll            |       |       |     7 |    13 |     2 ||    22
       Potion            |       |       |     1 |       |       ||     1
Armor: Animal skin       |    12 |       |       |       |       ||    12
       Chain mail        |    18 |    86 |   194 |       |       ||   298
       Plate armour      |       |       |    24 |   260 |   231 ||   515
Dodge: Dodged            |    35 |    71 |   173 |   168 |   141 ||   588
